 Dungeon Crawl Stone Soup version 0.20.1-1-g8b1a95d (webtiles) character file.

63 theanonym the Shooter (level 3, 0/31 HPs)
             Began as a Centaur Hunter on Oct 14, 2017.
             Killed by nerve-wracking pain
             ... invoked by a shadow imp
             ... summoned by Natasha
              (13 damage)
             ... on level 2 of the Dungeon.
             The game lasted 00:03:31 (1891 turns).

theanonym the Shooter (Centaur Hunter)              Turns: 1891, Time: 00:03:32

Health: 0/31       AC:  4    Str: 15    XL:     3   Next: 87%
Magic:  3/3        EV:  9    Int: 10    God:
Gold:   51         SH:  0    Dex:  9    Spells: 2/2 levels left

rFire    . . .     SeeInvis .   a - +1 shortbow
rCold    . . .     Gourm    .   (shield currently unavailable)
rNeg     . . .     Faith    .   c - +0 leather armour
rPois    .         Spirit   .   (no helmet)
rElec    .         Reflect  .   (no cloak)
rCorr    .         Harm     .   (no gloves)
MR       .....                  (no barding)
Stlth    +.........             (no amulet)
Regen    0.1/turn               (no ring)
MPRegen  0.1/turn               (no ring)

@: lethally poisoned (0 -> -1), very quick
A: hooves 3, deformed body, speed 2, tough skin 3
a: no special abilities


You were on level 2 of the Dungeon.
You were not hungry.

You visited 1 branch of the dungeon, and saw 2 of its levels.

You collected 51 gold pieces.

Inventory:

Hand Weapons
 a - a +1 shortbow (weapon)
 b - a +0 dagger of venom
   (You found it on level 1 of the Dungeon)
Missiles
 d - 18 arrows (quivered)
Armour
 c - a +0 leather armour (worn)
Jewellery
 r - an uncursed amulet of rage {+Rage, !d}
   (You found it on level 2 of the Dungeon)
Scrolls
 e - a scroll of remove curse {unknown}
 k - 2 scrolls of fog {unknown}
 m - a scroll of identify
 o - a scroll of noise {unknown}
 p - a scroll of teleportation {unknown}
 t - a scroll of amnesia {unknown}
Potions
 g - a potion of invisibility {unknown}
 i - a potion of heal wounds {unknown}
 j - 2 potions of resistance {unknown}
 l - a potion of agility {unknown}
 n - a potion of curing {unknown}
 s - a potion of mutation {unknown}
 u - a potion of might {unknown}
Comestibles
 f - 3 bread rations {@e1}
 h - a royal jelly
 q - a chunk of flesh {@w0}


   Skills:
 + Level 3.3 Fighting
 + Level 6.3 Bows
 - Level 1.3 Dodging
 - Level 0.4 Stealth


You had 2 spell levels left.
You didn't know any spells.

Dungeon Overview and Level Annotations

Branches:
Dungeon (2/15)

Altars:

Annotations:
D:2 Natasha, Terence


Innate Abilities, Weirdness & Mutations

You have hooves in place of feet.
Armour fits poorly on your strangely shaped body.
You cover ground very quickly.
You have extremely tough skin. (AC +3)


Message History

No target in view!
Things that are here:
a club; a goblin corpse You butcher the goblin corpse.
q - 2 chunks of flesh {@w0} You see here a club.
r - a thick ruby amulet
As you read the scroll labeled GUTITE EGIXAHI, it crumbles to dust.
It is a scroll of identify.
r - an uncursed amulet of rage
s - a smoky white potion Eating one of 2 chunks of flesh {@w0}.
You eat one of the 2 chunks of flesh {@w0}.
f - 3 bread rations {@e1} (gained 1)
You now have 34 gold pieces (gained 4).
You now have 51 gold pieces (gained 17).
A rat comes into view.
Health restored: 31 A rat is nearby!
The rat barely misses you.
You barely miss the rat. Your kick misses the rat. The rat barely misses you.
You hit the rat.
You kill the rat!
No target in view!
k - 2 scrolls labeled JAYTEF VESM (gained 1)
You see here a robe.
Found a stone staircase leading down.
t - a scroll labeled UHOAXZ NINGEUMN
u - a ruby potion You open the door.
There is an open door here.
Found a stone staircase leading down.
d - 30 arrows (gained 19)
An adder and a goblin come into view.
The goblin shouts!
Your +0 dagger of venom stops dripping with poison.
a - a +1 shortbow (weapon)
Aim: an adder You shoot an arrow.
The arrow barely misses the adder.
Aim: an adder You shoot an arrow.
The arrow closely misses the adder.
Aim: an adder You shoot an arrow.
The arrow hits the adder!
The adder bites you but does no damage.
Aim: an adder (severely wounded)
You shoot an arrow. The arrow hits the adder.
The adder bites you.
You are poisoned.
The adder poisons you! The goblin hits you.
You take 3 damage, and have 28/31 hp.
Aim: an adder (severely wounded)
You shoot an arrow. The arrow closely misses the adder.
You feel sick. The adder bites you.
You are more poisoned.
The adder poisons you! The goblin barely misses you. The adder bites you.
You take 5 damage, and have 23/31 hp.
Aim: an adder (severely wounded)
You shoot an arrow. The arrow hits the adder!
You kill the adder!
The goblin hits you but does no damage.
Unknown command.
Your +0 dagger of venom begins to drip with poison!
b - a +0 dagger of venom (weapon)
You feel sick.
You take 1 damage, and have 22/31 hp.
You hit the goblin. You kick the goblin.
You kill the goblin!
No target in view!
No target in view!
You start resting.
You feel sick. x3
Something unseen opens the door.
You take 2 damage, and have 20/31 hp.
You start resting.
You feel sick.
Natasha, Servant of Life and Death comes into view.
You take 1 damage, and have 19/31 hp.
Unknown command.
Your +0 dagger of venom stops dripping with poison.
a - a +1 shortbow (weapon)
Natasha hisses angrily.
Aim: Natasha You shoot an arrow.
The arrow barely misses Natasha.
Natasha casts a spell.
Aim: Natasha You shoot an arrow.
The arrow hits the shadow imp.
You feel sick.
Aim: Natasha You shoot an arrow.
The arrow hits Natasha.
Natasha casts a spell at you. The magic dart hits you!
You take 5 damage, and have 14/31 hp.
You are too injured to fight recklessly!
Aim: Natasha (moderately wounded)
You shoot an arrow. The arrow hits Natasha.
Aim: Natasha (heavily wounded)
You shoot an arrow.
The arrow hits the shadow imp but does no damage.
The shadow imp closely misses you.
Aim: Natasha (heavily wounded)
You shoot an arrow. The arrow hits Natasha.
You feel sick. The shadow imp gestures at you. Pain shoots through your body!
You die...

#.......# #.......#
#.......' #......(#
#.......# #....((.#
.#....†(.# #
......h5# #.#
.#.####@########.###
..................>#
.#.#####.##......#.##
#.#####.##.#.##....
.............##.#.#
#.######.#.#.##.#.#
.....###
#............#####
..(.......
##.##..#.##........
............
.......#.##.#.#####


You could see Natasha and a shadow imp.

Vanquished Creatures
  Natasha (D:2)
  An adder (D:2)
  A dart slug (D:1)
  3 bats
  2 giant cockroaches (D:1)
  3 goblins
  5 hobgoblins (D:1)
  2 jackals (D:1)
  A frilled lizard (D:2)
  5 kobolds (D:1)
  2 rats
26 creatures vanquished.

Notes
Turn   | Place    | Note
-------+----------+-------------------------------------------
     0 | D:1      | theanonym the Centaur Hunter began the quest for the Orb.
     0 | D:1      | Reached XP level 1. HP: 17/17 MP: 1/1
   341 | D:1      | Reached XP level 2. HP: 23/25 MP: 2/2
  1388 | D:2      | Noticed Natasha
  1395 | D:2      | Killed Natasha
  1395 | D:2      | Reached skill level 3 in Fighting
  1395 | D:2      | Reached skill level 6 in Bows
  1395 | D:2      | Reached XP level 3. HP: 25/31 MP: 3/3
  1406 | D:2      | Noticed Terence
  1414 | D:2      | HP: 5/31 [Terence/hand axe of electrocution (20)]
  1884 | D:2      | Noticed Natasha
  1891 | D:2      | Killed from afar by a shadow imp

Skill      XL: |  1  2 |
---------------+-------+-----
Fighting       | 3 |  3.3
Bows           | 6 |  6.3
Dodging        | |  1.3
Stealth        | |  0.4

Action                   || total
-------------------------++-------
Melee: Dagger            ||    65
       Short sword       ||     8
       Kick              ||     9
 Fire: Shortbow          ||    31
  Use: Scroll            ||     1
  Eat: Chunk             ||     2
Armor: Leather armour    ||    19
Dodge: Dodged            ||    38

Vault maps used:
D:1:      minmay_arrival_open_corners, minmay_tree_intersection
D:2:      uniq_terence, uniq_natasha, uniq_crazy_yiuf_cottage

Table legend:
 A = Turns spent in this place as a percentage of turns spent in the entire game.
 B = Non-inter-level travel turns spent in this place as a percentage of non-inter-level travel turns spent in the entire game.
 C = Inter-level travel turns spent in this place as a percentage of turns spent in this place.
 D = Turns resting spent in this place as a percentage of non-inter-level travel turns spent in this place.
 E = Turns spent auto-exploring this place as a percentage of non-inter-level travel turns spent in this place.
 F = Non-inter-level travel turns spent in this place divided by the number of levels of this place that you've seen.
                   A       B       C       D       E      F
               +-------+-------+-------+-------+-------+----------------------
         Total | 100.0 | 100.0 |   0.6 |   3.5 |  15.6 | 157.0
       Dungeon | 100.0 | 100.0 |   0.6 |   3.5 |  15.6 | 157.0
               +-------+-------+-------+-------+-------+----------------------

Table legend:
 A = Kills in this place as a percentage of kills in entire the game.
 B = Kills by you in this place as a percentage of kills by you in the entire game.
 C = Kills by friends in this place as a percentage of kills by friends in the entire game.
 D = Other kills in this place as a percentage of other kills in the entire game.
 E = Experience gained in this place as a percentage of experience gained in the entire game.
 F = Experience gained in this place divided by the number of levels of this place that you have seen.
                   A       B       C       D       E      F
               +-------+-------+-------+-------+-------+----------------------
         Total | 100.0 | 100.0 |  -nan |  -nan | 100.0 |  45.0
       Dungeon | 100.0 | 100.0 |  -nan |  -nan | 100.0 |  45.0
               +-------+-------+-------+-------+-------+----------------------
